Unix NetHack Version 3.7.0-53 Work-in-progress - last build Apr 1 2022 12:02:44 (7e311aa8f678825fd515f266b121b8a7a7199ace,branch:master). Game began 2022-03-29 18:55:07, ended 2022-04-03 14:31:52. spontiff, neutral male gnomish Healer #########*###*#########*########### #---------------------------------# -----.-- #-.....................[.........|### |.!.....[# ##|.----....-----.----|--..-----..| # ------ |>.....| # #####..|..|---.|...|.|..|..|..|...|..|######...<.| |......| #### # #|.|..|..|.|._...-..|..|..|!..|..|# |....| |......)#[#########."-|-|..|.|...|.--------.|...|.*|######.....| -.------ # |(...|..|.|...|....-...|.-|---..-## |....| ## ### )###".@}.-|--.----|..*.|.$.|...*...*|# ------ ## ##### |..........-..|-.-.-----..-----.|# #### ## |....-|--..|..|..|.....[*.|$..|}|# -------.-- ## |.--.|..|.----|..||---(...-...|.|# |........| ## |.|..|..|.|...|--|...|---.-----}|# |.........### |.|..|---.-...|..|...|..|.}.}.}.|# |........| |.|..|....|..)|..|...|.......}.}|# ---------- |.----....------|--------...}.{.|# |........................}.}.}.}|# ---------------------------------# Spontiff the Empiric St:16 Dx:11 Co:18 In:9 Wi:17 Ch:16 Neutral S:1140 Dlvl:5 $:0 HP:53(53) Pw:19(22) AC:-14 Xp:3/79 T:31664 Latest messages: Akureyri offers 250 gold pieces for your indigo spellbook. Sell it? [ynaq] (n) n W - an uncursed indigo spellbook. What do you want to call? [f-hj-lov-xDELRW or ?*] W Call an indigo spellbook: indigo 5 What do you want to use or apply? [cfj-lostwxDW or ?*] f You put an uncursed spellbook called indigo 5 into the bag called holding. You put an uncursed wand called dogging into the bag called holding. You do not owe Akureyri anything. Moreover, you seem to have no gold. Your wallet is empty, but there are 25 zorkmids stashed away in your pack. You have 1 zorkmid credit at Izchak's lighting store. You have 1 zorkmid credit at Pontarfynach's quality apparel and accessories. You have 1 zorkmid credit at Tjiwidej's delicatessen. You have 1 zorkmid credit at Akureyri's general store. What do you want to use or apply? [cfj-lostwx or ?*] o You produce a strange whistling sound. The large cat vanishes and reappears next to you. What do you want to use or apply? [cfj-lostwx or ?*] s In what direction? k Status of the large cat (neutral): Level 9 HP 51(72) AC 4, tame. In what direction? k The large cat looks better. What do you want to use or apply? [cfj-lostwx or ?*] s In what direction? h Status of the large cat (neutral): Level 9 HP 67(72) AC 4, tame. Where do you want to travel to? (For instructions type a '?') You swap places with your large cat. The large cat bites the cave spider. The cave spider is killed! Where do you want to travel to? (For instructions type a '?') What do you want to put on? [t or ?*] t You are now wearing a towel around your head. You can't see any more. What do you want to remove? [tLR or ?*] t You were wearing an uncursed towel. You can see again. What do you want to use or apply? [cfj-lostwx or ?*] f M - a cursed triangular amulet. What do you want to dip? [cf-ln-tv-yEM or ?*] M Dip a cursed triangular amulet into the fountain? [yn] (n) y Water gushes forth from the overflowing fountain! You drown the large cat. Welcome to experience level 3. You hear the rumble of distant thunder... ph ffock: unknown extended command. Really quit? (yes) [no] yes Do you want your possessions identified? [ynq] (y) y Do you want to see the dungeon overview? [ynq] (y) y Major events: Turn 1: spontiff the neutral male gnomish Healer entered the dungeon 954: entered the Gnomish Mines 2005: reached Mine Town 9791: killed the Oracle 12376: entered Sokoban 12794: completed sokoban 1 16282: completed sokoban 2 16925: completed sokoban 3 19189: completed sokoban 4 23703: acquired the Mines' End luckstone 25294: acquired the Sokoban bag of holding 29814: entered the Bigroom 31663: attained the rank of Empiric (level 3) 31664: quit Inventory: Amulets M - a cursed amulet of change Armor h - a blessed greased +2 elven leather helm (being worn) g - an uncursed +1 pair of leather gloves (being worn) v - a blessed +1 pair of iron shoes (being worn) r - an uncursed +0 small shield (being worn) q - an uncursed greased +0 robe (being worn) d - an uncursed +0 leather armor (being worn) Comestibles y - an uncursed apple n - an uncursed food ration p - an uncursed tripe ration i - an uncursed lizard corpse Rings R - an uncursed ring of fire resistance (on right hand) L - an uncursed ring of free action (on left hand) Tools f - a blessed greased bag of holding containing 64 items j - a cursed tooled horn o - an uncursed magic whistle w - an uncursed mirror x - an uncursed oil lamp k - an uncursed skeleton key named Po SITy s - an uncursed stethoscope t - an uncursed towel c - a blessed +0 unicorn horn Gems/Stones E - 2 uncursed rubies l - an uncursed luckstone Contents of the bag of holding: 25 gold pieces an uncursed amulet of ESP an uncursed amulet of restful sleep an uncursed greased +0 dwarvish iron helm a cursed -2 pair of fumble boots an uncursed +0 mummy wrapping 5 uncursed food rations 12 uncursed tripe rations 5 uncursed scrolls of blank paper an uncursed scroll of create monster an uncursed scroll of destroy armor a blessed scroll of earth a blessed scroll of enchant armor an uncursed scroll of enchant armor 4 uncursed scrolls of identify a cursed scroll of light 2 uncursed scrolls of remove curse an uncursed spellbook of blank paper an uncursed spellbook of dig an uncursed spellbook of dig a blessed spellbook of knock an uncursed spellbook of remove curse an uncursed spellbook of slow monster a cursed potion of invisibility a blessed potion of object detection 2 uncursed potions of object detection 7 potions of holy water 2 potions of unholy water a cursed -1 ring of adornment an uncursed ring of cold resistance an uncursed +2 ring of increase damage a cursed ring of polymorph a blessed +1 ring of protection a cursed -1 ring of protection an uncursed ring of regeneration an uncursed ring of regeneration an uncursed ring of regeneration an uncursed ring of searching an uncursed ring of shock resistance an uncursed ring of slow digestion a cursed ring of slow digestion a cursed ring of slow digestion an uncursed ring of sustain ability an uncursed ring of teleport control an uncursed ring of warning an uncursed wand of digging (0:5) an uncursed wand of opening (0:6) an uncursed wand of sleep (0:0) a cursed wand of speed monster (0:5) an uncursed wand of striking (0:7) a cursed wand of striking (0:4) an uncursed wand of teleportation (0:5) an uncursed wand of teleportation (0:5) an uncursed can of grease (0:13) an uncursed +0 pick-axe 3 uncursed amethyst stones 3 uncursed diamonds 3 uncursed emeralds an uncursed opal 2 uncursed sapphires an uncursed topaz stone an uncursed worthless piece of black glass an uncursed worthless piece of blue glass an uncursed worthless piece of yellowish brown glass Spontiff the Healer's attributes: Background: You were an Empiric, a level 3 male gnomish Healer. You were neutral, on a mission for Hermes who was opposed by Athena (lawful) and Poseidon (chaotic). You were in the Gnomish Mines, on level 5. You entered the dungeon 31664 turns ago. There was a new moon in effect when your adventure ended. You had 79 experience points, 1 more was needed to attain level 4. Your score was 1140 before end-of-game adjustments. Basics: You had all 53 hit points. You had 19 out of 22 energy points (spell power). Your armor class was -14. Your wallet was empty. Autopickup was on for '$!/="?' plus thrown, with exceptions. Final Characteristics: Your strength was 16 (limit:18/50). Your dexterity was 11 (limit:18). Your constitution was 18 (limit:18). Your intelligence was 9 (limit:19). Your wisdom was 17 (limit:18). Your charisma was 16 (limit:18). Final Status: You were not hungry. You were unencumbered. You were empty handed. You were unskilled in bare handed combat. Final Attributes: You were piously aligned. You were fire resistant. Your items were protected from fire. You were poison resistant. You saw invisible. You were telepathic. You had infravision. You had a large defense bonus (+11). You were guarded. You had free action. You were lucky. You had extra luck. Bad luck did not time out for you. Good luck did not time out for you. You survived. Miscellaneous: You encountered 1 bones level. Total elapsed playing time was 8 hours, 37 minutes and 42 seconds. Vanquished creatures: the Oracle a watch captain a ghost 2 giant mimics an elven monarch a large mimic 5 water demons 5 small mimics a troll a large cat 4 watchmen 2 giant beetles 9 leprechauns a giant spider a gnome ruler an orc mummy a brown pudding a gold golem a lizard a dingo 2 dogs a jaguar 4 dwarf leaders a gray unicorn 3 dust vortices a raven 2 plains centaurs a gnome mummy a snake 16 water moccasins 2 human zombies a soldier ant a fire ant 2 bugbears 2 imps 2 wood nymphs 3 water nymphs a mountain nymph 5 Mordor orcs an Uruk-hai 5 rock piercers 5 rock moles 3 ponies 7 fog clouds 2 yellow lights 12 shriekers a violet fungus 10 gnome leaders 2 gnomish wizards 2 kobold mummies 4 gray oozes 2 elf zombies a ghoul 3 paper golems 9 giant ants 5 little dogs 5 floating eyes a kitten 21 dwarves 12 homunculi 4 kobold leaders 4 kobold shamans 9 hill orcs 7 rothes 5 rabid rats 4 centipedes 11 giant bats 2 monkeys 4 orc zombies 5 dwarf zombies 3 wererats 7 werejackals 19 iguanas 15 acid blobs 9 coyotes 14 hobbits 3 manes 6 large kobolds 9 hobgoblins 23 giant rats 14 cave spiders 9 yellow molds 3 green molds 6 red molds 27 gnomes 9 garter snakes 8 gnome zombies 25 geckos 34 jackals 6 foxes 7 kobolds 14 goblins 13 sewer rats 31 grid bugs 2 bats 24 lichens 11 kobold zombies 30 newts 641 creatures vanquished. No species were genocided or became extinct. Voluntary challenges: You never hit with a wielded weapon. You read items or engraved 10 times. You never engraved Elbereth. You never genocided any monsters. You never polymorphed an object. You never changed form. You used no wishes. You violated the special Sokoban rules 5 times. Achievements: You entered the Gnomish Mines. You entered Minetown. You entered a shop. You entered a temple. You entered Sokoban. You completed the Gnomish Mines. You completed Sokoban. You entered the Big Room. You attained the rank of Empiric. The Dungeons of Doom: levels 1 to 13 Level 1: "Stashlet" A sink. Level 2: Stairs down to The Gnomish Mines. Level 3: A sink. Level 4: A sink, a grave. Final resting place for galadriel-Pri-Elf-Fem-Cha, killed by an electric shock. Level 5: Level 6: Oracle of Delphi. Level 7: A scroll shop. Stairs up to Sokoban, level 6. Level 8: A jewelers, an altar, a grave. Level 9: A sink. Level 10: Level 11: Level 12: A very big room. Summoned by Hippocrates. Level 13: The Gnomish Mines: levels 3 to 10 Level 3: "magic traps" Level 4: "magic trap" Level 5: <- You were here. Many shops, a temple to Hermes, some fountains. Level 6: Level 7: Level 8: Level 9: "Nymph has hat; stashlet" Level 10: Sokoban: levels 6 up to 3 Level 3: "Come back for prize" Solved. Level 4: Solved. Level 5: Solved. Level 6: Solved. Goodbye spontiff the Healer... You quit in The Gnomish Mines on dungeon level 5 with 1140 points, and 25 pieces of gold, after 31664 moves. You were level 3 with a maximum of 53 hit points when you quit.